 Dungeon Crawl Stone Soup version 0.28-a0-1312-g71652a0310 (webtiles) character file.

Game seed: 13507627719692666663

623 frimble the Grasshopper (level 7, -5/50 HPs)
             Began as a Demonspawn Warper on Dec 28, 2021.
             Slain by a kobold brigand (7 damage)
             ... on level 4 of the Dungeon.
             The game lasted 00:05:45 (6727 turns).

frimble the Grasshopper (Demonspawn Warper)         Turns: 6727, Time: 00:05:46

Health: -5/50      AC:  5    Str:  9 (11) XL:     7   Next: 22%
Magic:  10/10      EV: 11    Int: 13 (16) God:
Gold:   107        SH:  0    Dex: 12 (13) Spells: 6/10 levels left

rFire   . . .      SeeInvis .   d - +1 short sword (venom)
rCold   . . .      Faith    .   (no shield)
rNeg    . . .      Spirit   .   b - +0 leather armour
rPois   .          Reflect  .   (no helmet)
rElec   .          Harm     .   (no cloak)
rCorr   .          Rampage  .   (no gloves)
Will    .....                   (no boots)
Stlth   +.........              (no amulet)
HPRegen 0.16/turn               (no ring)
MPRegen 0.12/turn               (no ring)

@: lethally poisoned (-5 -> -12), attractive, on blink cooldown
A: icy blue scales 1, ignite blood 1, demonic touch 2
a: no special abilities


You were on level 4 of the Dungeon.
You visited 1 branch of the dungeon, and saw 4 of its levels.

You collected 107 gold pieces.

Inventory:

Hand Weapons
 a - a +0 falchion
 d - a +1 short sword of venom (weapon)
Armour
 b - a +0 leather armour (worn)
Wands
 c - a wand of digging (5)
Scrolls
 h - 5 scrolls of teleportation
 j - 2 scrolls of immolation {unknown}
 k - a scroll of blinking
 l - 3 scrolls of identify {unknown}
Potions
 f - a potion of degeneration
 g - a potion of haste


   Skills:
 - Level 2.1 Fighting
 + Level 2.8(3.7) Short Blades
 - Level 3.7(4.2) Long Blades
 - Level 0.8 Throwing
 - Level 0.8 Armour
 - Level 2.4 Dodging
 - Level 2.0 Spellcasting
 - Level 3.0 Summonings
 + Level 4.9 Translocations


You had 6 spell levels left.
You knew the following spells:

 Your Spells              Type           Power      Damage    Failure   Level
a - Blink                 Tloc           28%        N/A       7%          2
b - Call Imp              Summ           9%         N/A       16%         2

Your spell library contained the following spells:

 Spells                   Type           Power      Damage    Failure   Level
 Gell's Gravitas          Tloc           14%        N/A       14%         3
 Lesser Beckoning         Tloc           14%        N/A       14%         3
 Teleport Other           Tloc           14%        N/A       14%         3
 Magic Dart               Conj           4%         1d3       34%         1
 Corpse Rot               Necr/Air       2%         N/A       45%         2
 Poisonous Vapours        Pois/Air       2%         N/A       45%         2
 Searing Ray              Conj           2%         2d4       45%         2
 Summon Guardian Golem    Hex/Summ       5%         N/A       50%         3
 Manifold Assault         Tloc           14%        N/A       77%         5
 Fulminant Prism          Conj/Hex       0%         3d6       98%         4
 Conjure Ball Lightning   Conj/Air       0%         3x3d6     100%        6
 Dragon's Call            Summ           4%         N/A       100%        9


Dungeon Overview and Level Annotations

Branches:
Dungeon (4/15)             Temple (0/1) D:4

Altars:


Innate Abilities, Weirdness & Mutations

You are partially covered in icy blue scales. (AC +2)
Your demonic aura sometimes causes spilled blood to erupt in flames.
Your touch may inflict irresistible damage on your foes.


Message History

The kobold brigand throws a poisoned dart.
The poisoned dart barely misses your white imp.
The poisoned dart hits you!
You are more poisoned.
Your white imp hits the kobold brigand.
Your white imp freezes the kobold brigand.
You swap places.
You feel sick.
The kobold brigand hits you with a +0 whip of holy wrath.
You convulse.
* * * LOW HITPOINT WARNING * * *
There is a stone staircase leading down, spattered with blood here.
You see here a quokka corpse.
Okay, then.
Casting: Call Imp (safe; 12% risk of failure)
Confirm with . or Enter, or press ? or * to list all spells.
You blink.
You feel sick.
The kobold brigand throws a poisoned dart.
The poisoned dart hits you!
You are lethally poisoned!
It was a potion of attraction.
You feel attractive to monsters.
* * * LOW HITPOINT WARNING * * *
You feel very sick.
The kobold brigand throws a poisoned dart.
The poisoned dart closely misses you.
Your white imp closely misses the kobold brigand.
The kobold brigand is attracted toward you.
It was a potion of degeneration.
There was something very wrong with that liquid.
You feel weakened.
You feel dopey.
You feel clumsy.
* * * LOW HITPOINT WARNING * * *
You feel sick.
The kobold brigand throws a poisoned dart.
The poisoned dart closely misses you.
The kobold brigand is attracted toward you.
It was a potion of magic.
Magic courses through your body.
* * * LOW HITPOINT WARNING * * *
You feel very sick.
The kobold brigand hits you with a +0 whip of holy wrath!
You die...

#.#####......... #
.#.......?.... # .#
#............#. .#
#............. .#
#...........# .#.
#..........## .#
#..........# .
#..†§K@...# #.
###5........# .#
#.####.>..##.....#.#
.#
#......##.########.#
.#####..####... ...#
...#..### ##### ###
##..### .....#
.....#


You could see a kobold brigand (ally target) and a friendly white imp
(summoned).

Vanquished Creatures
  Duvessa (D:4)
  2 scorpions (D:4)
  A water moccasin skeleton (D:4)
  Dowan (D:4)
  2 hounds (D:4)
  2 jellies
  Natasha (twice) (D:3)
  3 adders
  A howler monkey skeleton (D:4)
  A worm (D:3)
  2 dart slugs
  4 orcs
  6 ball pythons
  7 endoplasms
  3 giant cockroaches
  4 goblins
  8 hobgoblins
  3 jackals
  5 quokkas
  4 bats
  5 frilled lizards
  12 kobolds
  6 rats
85 creatures vanquished.

Vanquished Creatures (collateral kills)
  Natasha (D:3)
1 creature vanquished.

Grand Total: 86 creatures vanquished

Notes
Turn   | Place    | Note
-------+----------+-------------------------------------------
     0 | D:1      | frimble the Demonspawn Warper began the quest for the Orb.
     0 | D:1      | Reached XP level 1. HP: 16/16 MP: 3/3
   255 | D:1      | Found a faded altar of an unknown god.
   329 | D:1      | Gained mutation: Your demonic aura sometimes causes spilled
                  | blood to erupt in flames. [demonic ancestry]
   329 | D:1      | Reached XP level 2. HP: 21/22 MP: 5/5
   784 | D:1      | Learned a level 2 spell: Blink
  1434 | D:1      | Gained mutation: You are partially covered in icy blue
                  | scales. (AC +2) [demonic ancestry]
  1434 | D:1      | Reached XP level 3. HP: 27/27 MP: 6/6
  2073 | D:2      | Reached skill level 3 in Translocations
  2990 | D:2      | Reached XP level 4. HP: 5/33 MP: 4/7
  3789 | D:2      | HP: 1/33 [poisoned by an adder]
  4537 | D:3      | Got the Tome of Creative Air
  4548 | D:3      | Learned a level 2 spell: Call Imp
  4558 | D:3      | Noticed Natasha
  4571 | D:3      | Killed Natasha
  4572 | D:3      | Gained mutation: Your touch may inflict minor irresistible
                  | damage on your foes. [demonic ancestry]
  4572 | D:3      | Reached XP level 5. HP: 29/38 MP: 2/8
  4587 | D:3      | Noticed Natasha
  4731 | D:3      | Killed Natasha
  4732 | D:3      | Reached skill level 1 in Summonings
  4831 | D:3      | Noticed Natasha
  4846 | D:3      | Killed Natasha
  5192 | D:4      | Noticed Duvessa
  5196 | D:4      | Reached skill level 4 in Translocations
  5362 | D:4      | Killed Duvessa
  5363 | D:4      | Reached skill level 1 in Short Blades
  5363 | D:4      | Gained mutation: Your touch may inflict irresistible damage
                  | on your foes. [demonic ancestry]
  5363 | D:4      | Reached XP level 6. HP: 17/44 MP: 6/9
  5754 | D:4      | Found a staircase to the Ecumenical Temple.
  5817 | D:4      | Noticed Dowan
  5840 | D:4      | Killed Dowan
  6292 | D:4      | Reached XP level 7. HP: 23/50 MP: 10/10
  6727 | D:4      | HP: 2/50 [poisoned by a kobold brigand]
  6727 | D:4      | Slain by a kobold brigand

Illustrated notes

Levels and vault maps discovered:
D:1:      shiori_arrival_elements, layout_basic,
          chequers_ecumenical_altar_simple_redux, st_stairs_2
D:2:      layout_loops_corners, kennysheep_minor_cross, minmay_pentomino_p2
D:3:      layout_rooms, uniq_natasha
D:4:      layout_cave_pods, minmay_temple_entry_mist, serial_co_window_serial,
          co_window_corner_a, co_window_paths_a, co_window_paths_b,
          co_window_corner_a, co_window_cross_1, co_window_broadway_a,
          co_window_unsneaky_path_d, co_window_unsneaky_path_b,
          co_window_corner_b, co_window_paths_e, glass_columns_c,
          glass_columns_a, corexii_checkpoint_b, ebering_dispersal_statue_hall,
          minmay_misc_feat_four_crosses, minmay_misc_feat_iff,
          chequers_serial_rivers_small_a, uniq_duvessa

Skill      XL: |  1  2  3  4  5  6 |
---------------+-------------------+-----
Long Blades    | 2 3 |  3.7
Dodging        | 2 |  2.4
Translocations | 3 4 |  4.9
Summonings     | 2 3 |  3.0
Short Blades   | 1 2 |  2.8
Fighting       | |  2.1
Throwing       | |  0.8
Armour         | |  0.8
Spellcasting   | |  2.0

Action                   |  1- 3 |  4- 6 |  7- 9 || total
-------------------------+-------+-------+-------++-------
Melee: Falchion          |   173 |    68 |       ||   241
       Short sword       |       |    72 |     9 ||    81
       Touch             |       |    20 |     2 ||    22
       Unarmed           |       |     1 |       ||     1
Throw: Boomerang         |     5 |       |       ||     5
 Cast: Blink             |     1 |     1 |     1 ||     3
       Call Imp          |       |     7 |     1 ||     8
  Use: Potion            |     1 |       |     3 ||     4
       Scroll            |       |     2 |       ||     2
 Stab: Sleeping          |     1 |     1 |       ||     2
Armor: Leather armour    |    43 |    46 |     3 ||    92
Dodge: Dodged            |   111 |    94 |     6 ||   211

Table legend: (Time is in decaauts)
 A = Elapsed time spent in this place.
 B = Non-inter-level travel time spent in this place.
 C = Inter-level travel time spent in this place.
 D = Time resting spent in this place.
 E = Time spent auto-exploring this place.
 F = Levels seen in this place.
 G = Mean time per level.
                   A        B        C        D        E       F      G
               +--------+--------+--------+--------+--------+-----+--------+
         Total |   6766 |   6627 |    139 |    527 |   5242 |   4 | 1691.5 |
       Dungeon |   6766 |   6627 |    139 |    527 |   5242 |   4 | 1691.5 |
               +--------+--------+--------+--------+--------+-----+--------+

Top non-repeatable levels by time:
     D:1: 2339 daAuts
     D:2: 2296 daAuts
     D:4: 1198 daAuts
     D:3: 931 daAuts
